[ PARTIDA AOE2 · #464597852 ]
UnrankedEslavos vs Burgundians
Equipo del jugador · DERR
[ ANÁLISIS DE REPETICIÓN · EXTRAÍDO DE LA PARTIDA GRABADA ]
Feudal
—
Castillos
—
Imperial
—
| APM promedio | 29.8 |
| APM pico | 52 |
| eAPM promedio | 17.1 |
| Aldeanos / militares | 0 / 0 |
Foco
⚔️ 53.1% · 🌾 46.9%
Feudal
—
Castillos
—
Imperial
—
| APM promedio | 33.5 |
| APM pico | 76 |
| eAPM promedio | 13.8 |
| Aldeanos / militares | 0 / 190 |
Foco
⚔️ 80.9% · 🌾 19.1%
Battering Ram ×100 · Flemish Militia ×71 · Archer ×19
Feudal
—
Castillos
—
Imperial
—
| APM promedio | 25.0 |
| APM pico | 69 |
| eAPM promedio | 6.9 |
| Aldeanos / militares | 0 / 0 |
Foco
⚔️ 64.7% · 🌾 35.3%
Mapa de la partida
Recursos al inicio + cada clic de construcción. Línea gruesa = muro · recuadro discontinuo = muro de casas detectado. 🟡 oro · ⚪ piedra · 🟢 bayas · 🔶 jabalí · ⭕ reliquia
Inputs por minuto
— Michael - - [Mosel] Sir Viette
Build order — Michael
28 acciones detectadas en el replay
| 11:50 | Investigar | Iron Casting |
| 11:59 | Investigar | Tech 455 |
| 13:14 | Investigar | Chain Mail Armor |
| 13:15 | Investigar | Bodkin Arrow |
| 13:17 | Investigar | Ballistics |
| 13:18 | Investigar | Guard Tower (upgrade) |
| 15:09 | Investigar | Leather Archer Armor |
| 24:33 | Investigar | Elite Boyar (upgrade) |
| 24:38 | Investigar | Conscription |
| 24:49 | Investigar | Plate Barding Armor |
| 24:50 | Investigar | Blast Furnace |
| 24:52 | Investigar | Chemistry |
| 24:53 | Investigar | Siege Engineers |
| 25:03 | Investigar | Druzhina |
| 25:06 | Investigar | Sappers |
| 25:59 | Investigar | Spies/Treason |
| 27:35 | Investigar | Plate Mail Armor |
| 34:14 | Construir | Stable |
| 34:21 | Construir | Siege Workshop |
| 34:32 | Construir | Stable |
| 34:32 | Construir | Stable |
| 34:33 | Construir | Stable |
| 35:33 | Investigar | Husbandry |
| 35:35 | Investigar | Cavalier (upgrade) |
| 35:38 | Investigar | Onager (upgrade) |
| 35:41 | Investigar | Capped Ram (upgrade) |
| 36:24 | Construir | Siege Workshop |
| 36:40 | Investigar | Onager (upgrade) |
Build order — [Mosel] Sir Viette
85 acciones detectadas en el replay
| 18:32 | Investigar | Burgundian Vineyards |
| 19:07 | Investigar | Chain Barding Armor |
| 19:14 | Investigar | Iron Casting |
| 22:00 | Investigar | Bodkin Arrow |
| 22:55 | Investigar | Leather Archer Armor |
| 22:55 | Investigar | Leather Archer Armor |
| 24:48 | Investigar | Ballistics |
| 26:53 | Construir | Siege Workshop |
| 27:28 | Crear | Battering Ram |
| 27:28 | Crear | Battering Ram |
| 27:29 | Crear | Battering Ram |
| 27:29 | Crear | Battering Ram |
| 27:29 | Crear | Battering Ram |
| 27:29 | Crear | Battering Ram |
| 27:30 | Crear | Battering Ram |
| 27:30 | Crear | Battering Ram |
| 27:30 | Crear | Battering Ram |
| 27:52 | Construir | Watch Tower |
| 27:53 | Construir | Watch Tower |
| 27:54 | Construir | Watch Tower |
| 27:55 | Construir | Watch Tower |
| 28:05 | Crear | Battering Ram |
| 28:06 | Crear | Battering Ram |
| 28:13 | Construir | Siege Workshop |
| 28:14 | Construir | Siege Workshop |
| 28:15 | Construir | Siege Workshop |
| 28:15 | Construir | Siege Workshop |
| 28:16 | Construir | Siege Workshop |
| 29:16 | Crear | Battering Ram ×5 |
| 29:17 | Crear | Battering Ram ×5 |
| 29:17 | Crear | Battering Ram ×5 |
| 29:17 | Crear | Battering Ram ×5 |
| 29:43 | Crear | Battering Ram |
| 29:44 | Crear | Battering Ram |
| 29:44 | Crear | Battering Ram |
| 29:44 | Crear | Battering Ram |
| 29:44 | Crear | Battering Ram |
| 29:54 | Crear | Battering Ram ×5 |
| 29:54 | Crear | Battering Ram ×5 |
| 29:55 | Crear | Battering Ram ×5 |
| 29:55 | Crear | Battering Ram ×4 |
| 30:40 | Crear | Battering Ram ×3 |
| 30:40 | Crear | Battering Ram ×3 |
| 32:57 | Construir | Archery Range |
| 33:01 | Construir | Barracks |
| 33:03 | Construir | Barracks |
| 33:36 | Crear | Battering Ram ×5 |
| 33:37 | Crear | Battering Ram ×5 |
| 33:37 | Crear | Battering Ram ×5 |
| 33:37 | Crear | Battering Ram ×5 |
| 33:37 | Crear | Battering Ram ×5 |
| 33:53 | Crear | Flemish Militia |
| 33:53 | Crear | Flemish Militia |
| 33:54 | Crear | Flemish Militia |
| 33:54 | Crear | Flemish Militia ×5 |
| 33:54 | Crear | Flemish Militia ×5 |
| 33:54 | Crear | Flemish Militia ×5 |
| 33:55 | Crear | Flemish Militia ×2 |
| 33:57 | Investigar | Squires |
| 34:02 | Crear | Flemish Militia ×5 |
| 34:02 | Crear | Flemish Militia ×5 |
| 34:03 | Crear | Flemish Militia ×5 |
| 34:03 | Crear | Flemish Militia ×5 |
| 34:42 | Investigar | Crossbowman (upgrade) |
| 34:44 | Crear | Archer ×5 |
| 34:44 | Crear | Archer ×5 |
| 34:44 | Crear | Archer ×5 |
| 34:45 | Crear | Archer ×4 |
| 34:49 | Crear | Flemish Militia ×5 |
| 34:49 | Crear | Flemish Militia ×5 |
| 34:49 | Crear | Flemish Militia |
| 34:50 | Crear | Flemish Militia |
| 34:50 | Crear | Flemish Militia |
| 35:16 | Construir | Watch Tower |
| 35:37 | Crear | Battering Ram ×5 |
| 35:37 | Crear | Battering Ram ×5 |
| 35:37 | Crear | Battering Ram ×4 |
| 35:40 | Crear | Flemish Militia ×5 |
| 35:40 | Crear | Flemish Militia ×5 |
| 35:40 | Crear | Flemish Militia |
| 35:41 | Crear | Flemish Militia |
| 35:41 | Crear | Flemish Militia |
| 36:08 | Crear | Flemish Militia ×3 |
| 36:09 | Crear | Flemish Militia |
| 36:09 | Crear | Flemish Militia |
Build order — [Mosel] Achim Gonzales
22 acciones detectadas en el replay
| 18:58 | Investigar | Ballistics |
| 19:03 | Investigar | Bodkin Arrow |
| 19:26 | Investigar | Treadmill Crane |
| 19:31 | Investigar | Eupseong |
| 24:34 | Investigar | Chain Barding Armor |
| 24:34 | Investigar | Iron Casting |
| 24:35 | Investigar | Chain Mail Armor |
| 24:38 | Investigar | Careening |
| 24:38 | Investigar | Tech 908 |
| 24:40 | Investigar | Tech 909 |
| 34:39 | Investigar | Conscription |
| 34:40 | Investigar | Shinkichon |
| 34:41 | Investigar | Elite War Wagon (upgrade) |
| 34:44 | Investigar | Bracer |
| 34:46 | Investigar | Chemistry |
| 34:48 | Investigar | Siege Engineers |
| 34:49 | Investigar | Arrowslits |
| 34:50 | Investigar | Dry Dock |
| 34:50 | Investigar | Tech 907 |
| 34:51 | Investigar | Shipwright |
| 34:51 | Investigar | Tech 910 |
| 36:28 | Construir | Monastery |
Cronología de la partida
| 26:53 | [Mosel] Sir Viette · first_building Siege Workshop |
| 32:57 | [Mosel] Sir Viette · first_building Archery Range |
| 33:01 | [Mosel] Sir Viette · first_building Barracks |
| 34:14 | Michael · first_building Stable |
| 34:21 | Michael · first_building Siege Workshop |
| 36:28 | [Mosel] Achim Gonzales · first_building Monastery |
| 36:29 | [Mosel] Sir Viette · resign |
[ ANÁLISIS IA · 1 CRÉDITO ]
¿Qué pasó realmente en esta partida?
Wolo.gg analiza cada decisión: build order, eco, micro, errores típicos por bracket. Análisis personalizado por WhatsApp o Discord en 30 segundos.
Guía civ
Eslavos
Guía mapa
CBA_=REQUIEM=_V293 Team Free (Scenario)
Perfil
Michael